AoeStats
← John Hawkwood

Arabia

508954345Analyzed
1v1 RM · 7d ago on Sep 24, 2026· 54m 47s· 2 players
Game mode
Random Map
Map size
Tiny (2 player)
Population
200
Speed
Normal
Resources
Standard
Victory
Conquest
Starting age
Dark Age
Ending age
Imperial Age
RankedLock teamsTeams togetherTeam positionsShared explorationLock speedFull tech treeHidden civsTurbo modeCheats
Victory
Defeat
🇩🇰 Varangians · Denmark
1035
+17
🇺🇸 Mongols · United States
1057
-17
OrakelDan
7:15 Loom
9:38 Feudal Age
10:01 Horse Collar
10:10 Double-Bit Axe
11:01 Man-at-Arms
13:01 Scale Mail Armor
14:30 Forging
23:25 Castle Age
21:42 Gold Mining
24:39 Bow Saw
24:33 Heavy Plow
26:45 Squires
27:13 Chain Mail Armor
29:13 Gambesons
33:27 Iron Casting
43:21 Arson
51:16 Imperial Age
50:11 Stone Mining
52:04 Stone Shaft Mining
52:40 Wheelbarrow
51:55 Town Watch
52:50 Crop Rotation
53:24 Two-Man Saw
53:37 Elite Varangian Guard
54:49 Plate Mail Armor
55:19 Blast Furnace
55:13 Hand Cart
55:38 Ballistics
56:20 Chemistry
55:02 Treadmill Crane
John Hawkwood
9:55 Feudal Age
8:54 Loom
19:05 Bloodlines
24:08 Castle Age
25:53 Forging
25:50 Scale Barding Armor
27:08 Husbandry
28:45 Wheelbarrow
32:40 Hand Cart
34:36 Iron Casting
39:27 Double-Bit Axe
40:08 Chain Barding Armor
50:14 Bow Saw
49:47 Horse Collar
50:19 Crossbowman
51:35 Fletching
51:42 Gold Mining
53:10 Padded Archer Armor
Connection lost

Rejoining the realm…

Still unreachable

The connection could not be restored.

Session expired

The server has moved on; the page needs a fresh start.